 Dungeon Crawl Stone Soup version 0.27.1-1-g398f81649c (webtiles) character file.

Game seed: 17209704449938314732

347 speeev33 the Skirmisher (level 6, 0/54 (57) HPs)
             Began as a Hill Orc Fighter on Sept 5, 2021.
             Killed by divine providence
             ... invoked by an orc priest
              (15 damage)
             ... on level 4 of the Dungeon.
             The game lasted 00:05:49 (2960 turns).

speeev33 the Skirmisher (Hill Orc Fighter)          Turns: 2960, Time: 00:05:50

HP:   0/54 (57)     AC: 10    Str: 27    XL:     6   Next: 59%
MP:   6/6           EV:  8    Int: 12    God:
Gold: 137           SH: 10    Dex: 12    Spells: 5/5 levels left

rFire    . . .     SeeInvis +   a - +1 war axe
rCold    + + .     Faith    .   c - +0 kite shield
rNeg     . . .     Spirit   .   m - +4 ring mail of Aqunudd {rC++ Will+ Int+4 Dex+2}
rPois    .         Reflect  .   e - +0 helmet {SInv}
rElec    .         Harm     .   (no cloak)
rCorr    .         Rampage  .   (no gloves)
Will     +....                  (no boots)
Stlth    +.........             (no amulet)
HPRegen  0.18/turn              h - +6 ring of strength
MPRegen  0.10/turn              (no ring)

@: brilliant, drained
A: no striking features
a: Convert to Beogh


You were on level 4 of the Dungeon.
You visited 2 branches of the dungeon, and saw 5 of its levels.

You collected 137 gold pieces.

Inventory:

Hand Weapons
 a - a +1 war axe (weapon)
Armour
 c - a +0 kite shield (worn)
 e - a +0 helmet of see invisible (worn)
 g - a +0 scale mail of fire resistance
 m - the +4 ring mail of Aqunudd (worn) {rC++ Will+ Int+4 Dex+2}
   (You found it on level 4 of the Dungeon)

   Int:       It affects your intelligence (+4).
   Dex:       It affects your dexterity (+2).
   rC:        It greatly protects you from cold.
   Will:      It increases your willpower.
Jewellery
 h - a +6 ring of strength (left hand)
Potions
 i - a potion of heal wounds {unknown}
 j - a potion of cancellation {unknown}
 k - a potion of lignification {unknown}
 l - a potion of mutation {unknown}


   Skills:
 + Level 5.7 Fighting
 + Level 5.5 Axes
 - Level 3.2 Armour
 + Level 5.2 Shields


You had 5 spell levels left.
You didn't know any spells.
Your spell library was empty.

Dungeon Overview and Level Annotations

Branches:
Dungeon (4/15)             Temple (1/1) D:4

Altars:
Ashenzari
Cheibriados
Elyvilon
Fedhas
Gozag
Makhleb
Nemelex Xobeh
Ru
Sif Muna
Uskayaw
Wu Jian
Yredelemnul
Zin
The Shining One
Jiyva

Shops:
D:4 *


Message History

You closely miss the orc warrior.
The orc warrior is almost dead.
You slash the orc!
You kill the orc!
You hit the orc. You block the orc's attack. The orc warrior barely misses you.
The orc hits you with a +0 mace. You block the orc warrior's attack.
Your Shields skill increases to level 5!
You barely miss the orc warrior.
The orc warrior is almost dead.
You closely miss the orc. You block the orc's attack.
The orc warrior barely misses you.
You hit the orc warrior.
The orc warrior is almost dead.
The orc blocks your attack. The orc barely misses you.
You block the orc warrior's attack. The orc hits you but does no damage.
You barely miss the orc warrior.
The orc warrior is almost dead.
The orc blocks your attack. The orc warrior completely misses you.
The orc hits you with a +0 mace. You block the orc warrior's attack.
You closely miss the orc warrior.
The orc warrior is almost dead.
You hit the orc.
You kill the orc!
The orc warrior barely misses you.
You hit the orc warrior.
The orc warrior is almost dead.
You block the orc warrior's attack.
The orc warrior hits you with a +2 mace of draining.
* * * LOW HITPOINT WARNING * * *
You feel drained.
You hit the orc warrior but do no damage.
The orc warrior is almost dead.
You block the orc warrior's attack.
The orc priest shouts!
You slice the orc warrior!!
You kill the orc warrior!
The orc priest looks encouraged for a moment.
The orc priest invokes the aid of Beogh against you.
Beogh smites you!
You die...

.......# #...##......#)..
.....∩.# ########..######...#.##
......## ##.........## #.......
†.....# #...........# #.##.#.#
.....## ##...........# #....#.#
.....# ##............# ##..#....
....## #.............# #...#....
....# *#.........)...# #.....##.
....# #........)@....# #..#.....
....###..............# #..#.#.#.
#....................# #....#.#.
#....)...............# #........
...................o### #.....#.#
....###############...###.......#
.....# ##...###.....## .....#
##...###....#* .....#
*#....##...#*


You could see an orc priest.

Vanquished Creatures
  An orc warrior (D:4)
  An ogre (D:4)
  A scorpion (D:4)
  2 adders
  2 worms (D:2)
  2 dart slugs (D:2)
  2 orcs (D:4)
  4 ball pythons
  4 bats (D:1)
  5 endoplasms
  5 giant cockroaches
  9 goblins
  A hobgoblin (D:1)
  8 jackals
  7 quokkas
  5 frilled lizards
  6 kobolds
  2 rats
67 creatures vanquished.

Vanquished Creatures (others)
  A fungus (D:2)
1 creature vanquished.

Grand Total: 68 creatures vanquished

Notes
Turn   | Place    | Note
-------+----------+-------------------------------------------
     0 | D:1      | speeev33 the Hill Orc Fighter began the quest for the Orb.
     0 | D:1      | Reached XP level 1. HP: 19/19 MP: 1/1
   159 | D:1      | Reached XP level 2. HP: 27/27 MP: 2/2
   366 | D:1      | Reached XP level 3. HP: 28/33 MP: 3/3
  1382 | D:2      | Reached XP level 4. HP: 41/41 MP: 4/4
  1397 | D:2      | Found a faded altar of an unknown god.
  1988 | D:3      | Found a glowing golden altar of the Shining One.
  2006 | D:3      | Found an opulent altar of Gozag.
  2282 | D:3      | Found a sparkling altar of Nemelex Xobeh.
  2379 | D:4      | Noticed an orc warrior
  2489 | D:4      | Noticed an ogre
  2494 | D:4      | Killed an ogre
  2495 | D:4      | Reached skill level 5 in Fighting
  2495 | D:4      | Reached XP level 5. HP: 44/48 MP: 5/5
  2498 | D:4      | Found Haviofyzeu's General Store.
  2552 | D:4      | Reached skill level 5 in Axes
  2552 | D:4      | Reached XP level 6. HP: 50/56 MP: 6/6
  2578 | D:4      | Identified the +4 ring mail of Aqunudd {rC++ Will+ Int+4
                  | Dex+2}
  2621 | D:4      | Found a staircase to the Ecumenical Temple.
  2627 | Temple   | Entered the Ecumenical Temple
  2953 | D:4      | Reached skill level 5 in Shields
  2959 | D:4      | Killed an orc warrior
  2960 | D:4      | Killed from afar by an orc priest

Illustrated notes

Levels and vault maps discovered:
D:1:      noname_arrival_rooms_in_the_neighbourhood, layout_rooms
D:2:      layout_loops_corners, shapermc_ecumenical_altar_acropolis
D:3:      wander_river, layout_rooms, grunt_gozag_statues,
          mainiacjoe_overflow_boulevard, lemuel_round_altar,
          minmay_strange_pillars
D:4:      layout_cave_pods, minmay_temple_entry_ruins, serial_shops, shop,
          uniq_grinder, uniq_natasha, uniq_blork_the_orc
Temple:   pf_slime_end_temple

Skill      XL: |  1  2  3  4  5  6 |
---------------+-------------------+-----
Axes           | 3 4 5 |  5.5
Fighting       | 4 5 |  5.7
Shields        | 4 5 |  5.2
Armour         | |  3.2

Action                   |  1- 3 |  4- 6 || total
-------------------------+-------+-------++-------
Melee: War axe           |    99 |    72 ||   171
  Use: Scroll            |     3 |     3 ||     6
       Potion            |       |     3 ||     3
Armor: Scale mail        |    56 |    24 ||    80
       Ring mail         |       |     5 ||     5
Dodge: Dodged            |    39 |    15 ||    54
Block: Kite shield       |    64 |    43 ||   107
